AoeStats
← Falsche Haut

Lombardia

509959691Analyzed
3v3 RM · 2d ago on Sep 28, 2026· 13m 57s· 6 players
Game mode
Random Map
Map size
Normal (6 player)
Population
200
Speed
Normal
Resources
Standard
Victory
Conquest
Starting age
Dark Age
Ending age
Imperial Age
RankedLock teamsTeams togetherTeam positionsShared explorationLock speedFull tech treeHidden civsTurbo modeCheats
Victory
Defeat
🇩🇪 Mongols · Germany
1672
+12
🇩🇪 Slavs · Germany
1485
+19
🇩🇪 Persians · Germany
1423
+21
🇦🇷 Malay · Argentina
1679
-22
🇦🇷 Celts · Argentina
1533
-16
🇦🇷 Mapuche · Argentina
1483
-14
vR-MrReD
7:17 Loom
10:19 Feudal Age
14:46 Castle Age
13:21 Double-Bit Axe
14:12 Horse Collar
sunSmit
8:58 Feudal Age
8:30 Loom
9:25 Double-Bit Axe
Falsche Haut
8:33 Feudal Age
10:56 Forging
14:23 Scale Barding Armor
TGT | Sera
10:40 Feudal Age
11:54 Loom
15:36 Castle Age
TGT | diego22
0:26 Loom
11:17 Feudal Age
15:11 Castle Age
TGT | Trosqui
6:39 Loom
9:37 Feudal Age
11:18 Double-Bit Axe
Connection lost

Rejoining the realm…

Still unreachable

The connection could not be restored.

Session expired

The server has moved on; the page needs a fresh start.